Map: Dusk Towers

Players

Miszu

  • Race: Terran Terran
  • League: Grandmaster

llllllllllll - Winner!

  • Race: Protoss Protoss
  • League: Master

VOD

Have the link to the VOD?

Description

Time

  • Played on: Feb. 20, 2016, 12:40 p.m.
  • Length: 13:11
Show
View Real Time Build Order
Export as new Build Order

Miszu Terran 

Build Orders: Hellion Opening 

Get SALT Encoding   

  12  0:00  SCV  
  13  0:13  SCV  
  14  0:17  Supply Depot  
  14  0:25  SCV  
  15  0:39  SCV  
  16  0:43  Barracks  
  16  0:47  Refinery  
  16  0:51  SCV  
  17  1:03  SCV  
  18  1:15  SCV  
  19  1:29  Orbital Command  
  19  1:34  Marine  
  19  1:39  Command Center  
  20  1:49  Supply Depot  
  20  1:56  Factory  
  20  2:00  SCV  
  21  2:07  Barracks Reactor  
  21  2:12  SCV  
  22  2:24  SCV  
  23  2:36  SCV  
  24  2:46  Factory  
  24  2:48  SCV  
  25  2:53  Orbital Command  
  25  2:55  Hellion x2  
  29  3:01  SCV  
  29  3:03  Barracks Reactor  
  30  3:13  SCV  
  30  3:17  Hellion x2  
  35  3:20  SCV  
  35  3:25  SCV  
  37  3:29  Supply Depot  
  37  3:32  SCV  
  38  3:37  SCV  
  38  3:39  Hellion x2  
  43  3:44  SCV  
  43  3:45  Factory  
  43  3:46  Hellion  
  46  3:50  SCV  
  46  3:51  Hellion  
  46  3:53  Supply Depot  
  49  3:56  SCV  
  49  4:01  Hellion x2  
  53  4:02  SCV  
  53  4:09  SCV  
  54  4:12  Hellion  
  54  4:14  Hellion  
  54  4:15  SCV  
  57  4:21  SCV  
  57  4:22  Hellion x2  
  60  4:27  Engineering Bay, SCV  
  60  4:30  Factory Tech Lab  
  59  4:33  SCV  
  62  4:42  Supply Depot  
  62  4:43  SCV  
  62  4:45  Supply Depot, SCV  
  62  4:56  Supply Depot  
  62  4:57  SCV  
  62  5:00  Missile Turret x2  
  62  5:03  Hellion, Cyclone, SCV  
  62  5:04  Hellion x2  
  68  5:10  SCV  
  65  5:21  Hellion  
  65  5:24  Hellion  
  63  5:31  Hellion x2  
  63  5:32  SCV  
  63  5:33  SCV  
  63  5:42  Hellion, Command Center  
  65  5:44  Cyclone, SCV  
  65  5:45  Missile Turret  
  65  5:46  Hellion  
  65  5:48  Refinery  
  71  5:50  Refinery  
  71  5:52  Hellion  
  71  5:53  SCV  
  71  5:56  SCV  
  75  6:03  Hellion  
  77  6:06  SCV  
  77  6:07  Hellion  
  77  6:08  Refinery  
  79  6:21  Hellion x2  
  79  6:23  Cyclone  
  86  6:29  SCV x2  
  86  6:30  Supply Depot x2  
  86  6:32  Supply Depot  
  88  6:38  Hellion x2  
  92  6:41  SCV x2  
  94  6:51  Hellion x2, Armory  
  94  6:52  Armory  
  94  6:53  SCV x2  
  94  6:54  Orbital Command  
  100  7:04  Cyclone  
  100  7:05  Hellion x2, SCV x2  
  109  7:11  Supply Depot  
  109  7:13  Supply Depot  
  108  7:17  SCV x2  
  108  7:19  Hellion x2  
  114  7:26  SCV  
  117  7:30  SCV x2  
  117  7:35  Supply Depot  
  117  7:38  Cyclone, SCV  
  117  7:40  Terran Vehicle Weapons Level 1  
  117  7:41  Terran Vehicle And Ship Armor Level 1  
  117  7:42  Hellion, SCV x2  
  117  7:43  Hellion  
  127  7:50  SCV  
  122  7:54  SCV  
  111  8:00  Hellion x2, SCV  
  111  8:02  SCV  
  111  8:04  Factory  
  117  8:06  Factory  
  117  8:07  Refinery  
  117  8:08  Refinery  
  117  8:10  Command Center  
  117  8:16  Hellion  
  119  8:22  Hellion x3  
  119  8:24  Cyclone  
  119  8:25  SCV x2  
  119  8:26  SCV  
  131  8:31  Supply Depot  
  131  8:35  Supply Depot  
  131  8:39  Starport  
  131  8:43  Hellion x2  
  131  8:44  SCV  
  131  8:45  SCV  
  131  8:48  SCV  
  138  8:54  Factory Tech Lab x2  
  138  8:55  Supply Depot, Barracks Reactor  
  138  8:56  SCV  
  138  8:57  Supply Depot  
  138  8:59  Cyclone, SCV  
  138  9:00  SCV  
  144  9:09  SCV  
  145  9:13  Cyclone x2  
  145  9:14  SCV  
  145  9:15  SCV  
  153  9:18  Supply Depot  
  153  9:21  Supply Depot, SCV  
  154  9:27  Hellion x4  
  154  9:29  Command Center  
  162  9:36  Viking  
  162  9:37  Viking  
  166  9:38  Starport  
  166  9:42  Starport  
  166  9:45  Starport  
  166  9:48  Hellion x2  
  166  9:49  Hellion  
  172  9:53  Planetary Fortress  
  172  9:58  Refinery  
  159  10:01  Refinery  
  159  10:06  Viking  
  159  10:07  Viking  
  158  10:19  Starport Tech Lab x2  
  158  10:20  Starport Tech Lab  
  158  10:30  Missile Turret  
  158  10:32  Cyclone x2  
  158  10:33  Missile Turret  
  158  10:34  Cyclone  
  167  10:41  Viking  
  167  10:42  Viking  
  171  10:48  Command Center  
  171  10:49  Command Center  
  171  10:51  Command Center  
  171  10:52  Viking  
  173  11:03  Hellion x2  
  177  11:07  Raven x2  
  181  11:18  Planetary Fortress  
  181  11:21  Missile Turret  
  181  11:23  Raven, Missile Turret  
  183  11:28  Refinery  
  183  11:29  Hellbat x2, Hellion x2  
  183  11:30  Hellbat  
  183  11:31  Missile Turret  
  183  11:32  Refinery, Missile Turret  
  193  11:43  Infernal Pre-Igniter  
  193  11:45  Barracks  
  193  11:46  Barracks  
  193  11:56  Raven x2, Barracks  
  193  11:57  Barracks  
  197  12:01  Hellion x6  
  197  12:02  Barracks Tech Lab  
  197  12:07  Hellion x6  
  197  12:11  Raven  
  199  12:40  Ghost Academy  
Show
View Real Time Build Order
Export as new Build Order

llllllllllll Protoss - Winner!

Build Orders: 1 Gate Expand, Phoenix Opening 

Get SALT Encoding   

  12  0:02  Probe (Chrono Boost)  
  13  0:12  Probe (Chrono Boost)  
  14  0:18  Pylon  
  14  0:23  Probe (Chrono Boost)  
  15  0:36  Gateway, Probe (Chrono Boost)  
  15  0:42  Assimilator  
  16  0:47  Probe (Chrono Boost)  
  17  0:58  Probe (Chrono Boost)  
  18  1:08  Probe (Chrono Boost)  
  19  1:20  Nexus  
  19  1:31  Cybernetics Core, Probe (Chrono Boost)  
  20  1:37  Assimilator  
  20  1:41  Probe (Chrono Boost)  
  20  1:45  Pylon  
  21  1:52  Probe (Chrono Boost)  
  22  2:02  Probe (Chrono Boost)  
  23  2:11  Stargate  
  23  2:13  Probe (Chrono Boost)  
  23  2:15  Adept (Chrono Boost)  
  26  2:24  Probe (Chrono Boost)  
  26  2:29  Pylon  
  27  2:30  Warp Gate (Chrono Boost)  
  27  2:35  Probe x2 (Chrono Boost)  
  29  2:44  Adept (Chrono Boost)  
  29  2:46  Probe (Chrono Boost)  
  29  2:49  Probe (Chrono Boost)  
  33  2:52  Phoenix (Chrono Boost)  
  33  2:58  Probe (Chrono Boost)  
  36  3:03  Probe (Chrono Boost)  
  37  3:07  Robotics Facility  
  37  3:10  Probe (Chrono Boost)  
  37  3:12  Adept (Chrono Boost)  
  40  3:16  Probe (Chrono Boost)  
  41  3:21  Probe (Chrono Boost)  
  42  3:27  Probe (Chrono Boost)  
  42  3:28  Assimilator  
  42  3:29  Phoenix (Chrono Boost)  
  42  3:33  Probe (Chrono Boost)  
  46  3:39  Probe (Chrono Boost)  
  47  3:41  Pylon  
  47  3:42  Adept (Chrono Boost)  
  47  3:45  Probe (Chrono Boost)  
  50  3:50  Probe (Chrono Boost)  
  50  3:52  Phoenix  
  50  3:54  Assimilator  
  53  3:57  Probe (Chrono Boost)  
  54  4:07  Probe  
  53  4:20  Probe  
  53  4:21  Probe  
  54  4:29  Immortal (Chrono Boost), Mothership Core  
  54  4:31  Gateway x2  
  58  4:33  Gateway, Probe  
  61  4:40  Pylon  
  61  4:45  Probe  
  62  4:48  Pylon  
  62  4:49  Pylon  
  62  4:50  Pylon  
  62  4:56  Probe  
  62  4:59  Adept  
  61  5:07  Probe x2  
  61  5:10  Pylon  
  62  5:17  Probe  
  62  5:19  Probe  
  57  5:22  Adept  
  57  5:24  Immortal (Chrono Boost)  
  57  5:28  Probe (Chrono Boost)  
  57  5:31  Probe (Chrono Boost)  
  55  5:40  Probe (Chrono Boost)  
  55  5:42  Probe (Chrono Boost)  
  57  5:49  Probe (Chrono Boost)  
  58  6:00  Observer (Chrono Boost), Probe (Chrono Boost)  
  58  6:03  Probe (Chrono Boost)  
  60  6:05  Nexus  
  61  6:12  Probe (Chrono Boost)  
  61  6:16  Immortal (Chrono Boost)  
  63  6:19  Probe (Chrono Boost)  
  68  6:25  Probe (Chrono Boost)  
  68  6:32  Forge  
  68  6:33  Forge  
  68  6:35  Probe (Chrono Boost)  
  68  6:36  Sentry  
  68  6:39  Probe (Chrono Boost)  
  72  6:45  Probe (Chrono Boost)  
  73  6:51  Robotics Facility  
  73  6:57  Immortal (Chrono Boost)  
  73  6:58  Probe (Chrono Boost)  
  73  7:00  Probe (Chrono Boost)  
  79  7:03  Protoss Ground Weapons Level 1 (Chrono Boost)  
  79  7:04  Protoss Ground Armor Level 1 (Chrono Boost)  
  79  7:10  Probe (Chrono Boost)  
  80  7:21  Twilight Council, Probe (Chrono Boost)  
  80  7:22  Pylon  
  81  7:28  Probe (Chrono Boost)  
  82  7:31  Fleet Beacon  
  82  7:33  Probe (Chrono Boost)  
  82  7:35  Probe (Chrono Boost)  
  84  7:41  Adept  
  84  7:42  Adept x2  
  90  7:44  Probe (Chrono Boost)  
  91  7:57  Immortal  
  93  8:01  Immortal (Chrono Boost), Probe (Chrono Boost)  
  93  8:02  Probe (Chrono Boost)  
  93  8:03  Probe (Chrono Boost)  
  100  8:09  Stargate  
  100  8:13  Probe (Chrono Boost)  
  100  8:14  Probe (Chrono Boost)  
  100  8:15  Templar Archives  
  100  8:17  Probe (Chrono Boost)  
  103  8:20  Tempest (Chrono Boost)  
  103  8:24  Probe (Chrono Boost)  
  103  8:26  Probe (Chrono Boost)  
  109  8:28  Probe (Chrono Boost)  
  109  8:33  Pylon  
  110  8:35  Probe  
  110  8:38  Probe (Chrono Boost)  
  110  8:40  Immortal (Chrono Boost)  
  110  8:41  Stargate  
  116  8:43  Observer (Chrono Boost)  
  117  8:49  Probe (Chrono Boost)  
  117  8:50  Probe (Chrono Boost)  
  117  8:51  Probe (Chrono Boost)  
  120  8:56  Pylon  
  120  9:00  Tempest (Chrono Boost), Assimilator  
  120  9:02  Pylon  
  120  9:05  Tempest (Chrono Boost), Assimilator  
  128  9:11  Protoss Ground Weapons Level 2 (Chrono Boost)  
  128  9:13  Adept x2  
  128  9:17  Immortal  
  136  9:26  Photon Cannon  
  136  9:27  Protoss Ground Armor Level 2 (Chrono Boost)  
  136  9:32  Pylon  
  136  9:35  Pylon x2  
  136  9:37  Pylon  
  140  9:46  Probe  
  140  9:47  Zealot x2  
  140  9:48  Tempest (Chrono Boost)  
  140  9:49  Probe  
  142  10:02  Tempest (Chrono Boost)  
  146  10:07  Probe  
  146  10:08  Psionic Storm  
  147  10:20  Nexus  
  147  10:22  Pylon  
  147  10:24  Pylon  
  147  10:25  High Templar  
  147  10:26  Pylon  
  147  10:27  Photon Cannon  
  149  10:30  Tempest (Chrono Boost)  
  149  10:34  Photon Cannon  
  153  10:43  Assimilator  
  153  10:48  High Templar, Assimilator  
  155  10:50  High Templar, Photon Cannon  
  155  10:54  Photon Cannon  
  156  10:58  Photon Cannon  
  156  11:04  Photon Cannon  
  156  11:06  Tempest, Photon Cannon  
  160  11:14  Probe x2  
  160  11:15  Probe  
  160  11:17  Charge (Chrono Boost)  
  163  11:25  Zealot x2  
  163  11:26  Zealot  
  163  11:27  High Templar  
  171  11:49  Nexus  
  171  11:50  Gateway  
  171  11:51  Gateway  
  171  11:53  Gateway  
  171  11:56  Gateway  
  171  11:57  Warp Prism (Chrono Boost)  
  173  12:01  High Templar x2  
  173  12:03  High Templar x2, Probe  
  173  12:06  Archon  
  173  12:07  Archon  
  182  12:12  Pylon  
  182  12:15  Probe  
  183  12:27  Gateway x2  
  183  12:28  Gateway  
  183  12:35  Photon Cannon  
  183  12:58  Zealot x3  
  172  13:10  Stalker x2  
Tags
 
Add a new tag
Caveats
  • Supply blocks, unpowered buildings, or Contaminate may cause inaccurate times.
  • Supply counts are checked every 10 seconds.